 Dungeon Crawl Stone Soup version 0.29.1-12-g30fa7ad0bf (webtiles) character file.

Game seed: 642237307183618415

2951 MisterFreud the Cruncher (level 10, -1/76 HPs)
             Began as a Formicid Gladiator on Dec 28, 2022.
             Was a Follower of Yredelemnul.
             Killed by divine providence
             ... invoked by an orc priest
              (13 damage)
             ... on level 8 of the Dungeon.
             The game lasted 00:09:23 (9564 turns).

MisterFreud the Cruncher (Formicid Gladiator)       Turns: 9564, Time: 00:09:24

Health: -1/76      AC: 15    Str: 21    XL:     10   Next: 8%
Magic:  13/13      EV: 10    Int:  8    God:    Yredelemnul [*.....]
Gold:   302        SH:  4    Dex: 17    Spells: 9/9 levels left

rFire   . . .      SeeInvis +   a - +1 quarterstaff (protect)
rCold   . . .      Faith    .   B - +0 buckler
rNeg    . . .      Spirit   .   i - +0 scale mail
rPois   .          Reflect  .   (helmet unavailable)
rElec   .          Harm     .   (no cloak)
rCorr   .          Rampage  .   (no gloves)
Will    +....                   A - +0 pair of boots
Stlth   ..........              (no amulet)
HPRegen 0.22/turn               (no ring)
MPRegen 0.13/turn               (no ring)

@: under a protective aura
A: permanent stasis, dig shafts and tunnels, antennae 3, four strong arms
a: Dig, Shaft Self, Renounce Religion, Recall Undead Harvest


You were on level 8 of the Dungeon.
You worshipped Yredelemnul.
Yredelemnul was noncommittal.
You visited 2 branches of the dungeon, and saw 10 of its levels.

You collected 302 gold pieces.

Inventory:

Hand Weapons
 a - a +1 quarterstaff of protection (weapon)
Missiles
 c - 3 throwing nets
 d - 4 javelins
 f - 47 poisoned darts (quivered)
 v - 6 boomerangs
Armour
 i - a +0 scale mail (worn)
 A - a +0 pair of boots (worn)
 B - a +0 buckler (worn)
Wands
 k - a wand of flame (17)
Scrolls
 b - a scroll of summoning {unknown}
 e - 2 scrolls of immolation
 q - 2 scrolls of brand weapon
 r - a scroll of magic mapping
 t - a scroll of identify
 w - 3 scrolls of enchant weapon
 y - a scroll of vulnerability {unknown}
 z - a scroll of silence {unknown}
Potions
 g - 5 potions of curing
 h - 2 potions of invisibility
 j - 2 potions of heal wounds {unknown}
 l - a potion of mutation {unknown}
 m - 2 potions of magic
 n - a potion of might
 o - a potion of resistance {unknown}
 p - 2 potions of attraction {unknown}
 s - 3 potions of lignification
 u - 3 potions of degeneration {unknown}
 x - a potion of flight {unknown}


   Skills:
 + Level 6.0 Fighting
 + Level 10.4 Staves
 - Level 2.0 Throwing
 + Level 5.9 Armour
 - Level 2.6 Dodging
 + Level 1.4 Shields
 * Level 4.8 Invocations


You had 9 spell levels left.
You didn't know any spells.
Your spell library contained the following spells:

 Spells                   Type           Power      Damage    Failure   Level
 Magic Dart               Conj           0%         1d3       80%         1
 Call Imp                 Summ           0%         N/A       91%         2
 Mephitic Cloud           Conj/Pois/Air  0%         N/A       99%         3
 Ozocubu's Armour         Ice            0%         N/A       99%         3
 Metabolic Englaciation   Hex/Ice        0%         N/A       100%        5
 Summon Forest            Summ/Tloc      0%         N/A       100%        5
 Eringya's Noxious Bog    Tmut/Pois      0%         N/A       100%        6
 Summon Hydra             Summ           0%         N/A       100%        7
 Simulacrum               Ice/Necr       Unusable   N/A       N/A         6

Dungeon Overview and Level Annotations

Branches:
Dungeon (9/15)             Temple (1/1) D:6
   Lair: D:8-11         Orc: D:9-12

Altars:
Cheibriados
Elyvilon
Gozag
Kikubaaqudgha
Makhleb
Nemelex Xobeh
Okawaru
Qazlal
Sif Muna
Vehumet
Wu Jian
Yredelemnul
Zin

Annotations:
D:7 Maggie


Innate Abilities, Weirdness & Mutations

You cannot be hasted, slowed, berserked, paralysed or teleported.
You can dig through walls and to a lower floor.
You have a pair of large antennae on your head. (SInv)
Your four strong arms can wield two-handed weapons with a shield.


Message History

Your killer bee zombie hits the orc but does no damage.
The orc hits you but does no damage.
The orc splashes around in the water.
Your killer bee zombie barely misses the orc.
The orc closely misses you.
You thump the orc!
You kill the orc!
Your killer bee zombie hits the orc.
Your orc wizard zombie hits the orc.
The orc priest calls down the wrath of Beogh upon you.
Beogh smites you!
* * * LOW HITPOINT WARNING * * *
You block the orc's attack.
The orc hits your orc wizard zombie with a +0 hand axe.
You hit the orc priest.
The orc priest is moderately wounded.
Your killer bee zombie barely misses the orc.
The orc hits you but does no damage.
Your killer bee zombie hits the orc.
The orc dies!
The dead are walking!
Your orc wizard zombie closely misses the orc.
The orc barely misses you.
The orc hits your orc wizard zombie with a +0 hand axe.
The orc priest calls down the wrath of Beogh upon you.
Pain shoots through your body!
* * * LOW HITPOINT WARNING * * *
You hit the orc priest.
The orc priest is moderately wounded.
Your killer bee zombie hits the orc priest.
You barely miss the orc priest.
The orc priest is heavily wounded.
Your killer bee zombie closely misses the orc priest.
You block the orc priest's attack. The orc hits you but does no damage.
The orc hits your orc wizard zombie with a +0 hand axe.
Your orc wizard zombie hits the orc.
Your killer bee zombie barely misses the orc priest.
You feel better.
Your killer bee zombie hits the orc priest.
The orc priest calls down the wrath of Beogh upon you.
Beogh smites you!
You die...
Your body rises from the dead as a mindless zombie.

#.#.#.###
..#####.......#
..............#
..............#
#.............#
#..<.~..~.....#
#....~.Z...####
#..~~~o)...#####.#
...~≈~o@...'.....#
#.....)Z...#######
+....)Z....######
#...#...........#
#.. #........>..#
#. #...~~......##
. #...~~.......#
#....~.......#
#............#


You could see an orc priest (ally target), an orc (ally target), a friendly
killer bee zombie, a friendly orc zombie and a friendly orc wizard zombie.

Vanquished Creatures
  Grinder (D:5)
  A wyvern (D:9)
  A water moccasin (D:6)
  Duvessa (D:5)
  An orc warrior (D:9)
  A black bear (D:5)
  A sky beast (D:7)
  4 ogres
  A centaur (D:9)
  2 phantoms
  2 kobold brigands
  3 bullfrogs
  Blork the orc (D:6)
  A scorpion (D:4)
  3 killer bees (D:8)
  Dowan (D:5)
  2 orc priests (D:4)
  3 hounds (D:5)
  An iron imp (D:6)
  2 gnoll boudas
  4 iguanas
  6 orc wizards
  11 gnolls
  9 adders
  An ufetubus (D:6)
  3 worms
  2 dart slugs
  22 orcs
  5 endoplasms
  3 giant cockroaches
  3 goblins
  9 hobgoblins
  3 quokkas
  9 ball pythons
  9 bats
  A frilled lizard (D:2)
  13 kobolds
  5 rats
151 creatures vanquished.

Vanquished Creatures (collateral kills)
  A centaur (D:8)
  A killer bee (D:8)
  An orc wizard (D:9)
  An orc (D:8)
  2 kobolds (D:9)
6 creatures vanquished.

Vanquished Creatures (others)
  A killer bee zombie (D:8)
  2 gnoll zombies (D:9)
  2 orc zombies (D:9)
5 creatures vanquished.

Grand Total: 162 creatures vanquished

Notes
Turn   | Place    | Note
-------+----------+-------------------------------------------
     0 | D:1      | MisterFreud the Formicid Gladiator began the quest for the
                  | Orb.
     0 | D:1      | Reached XP level 1. HP: 16/16 MP: 1/1
   140 | D:1      | Reached XP level 2. HP: 9/22 MP: 2/2
   966 | D:2      | Reached skill level 4 in Staves
   966 | D:2      | Reached XP level 3. HP: 21/27 MP: 3/3
  1282 | D:2      | Reached XP level 4. HP: 22/33 MP: 4/4
  1817 | D:2      | Reached skill level 5 in Staves
  2686 | D:3      | Reached XP level 5. HP: 38/38 MP: 5/5
  2843 | D:3      | Found a radiant altar of Vehumet.
  2880 | D:3      | Found an opulent altar of Gozag.
  3295 | D:3      | Noticed an ogre
  3347 | D:3      | Killed an ogre
  3348 | D:3      | Reached skill level 6 in Staves
  3348 | D:3      | Reached skill level 1 in Armour
  3348 | D:3      | Reached XP level 6. HP: 47/47 MP: 6/6
  3438 | D:3      | Found a faded altar of an unknown god.
  3615 | D:4      | Noticed an ogre
  3622 | D:4      | Killed an ogre
  3623 | D:4      | Reached XP level 7. HP: 19/54 MP: 7/7
  3888 | D:4      | You fall into a shaft and drop 1 floor!
  3888 | D:5      | Entered Level 5 of the Dungeon
  4281 | D:5      | Noticed Grinder
  4296 | D:5      | Killed Grinder
  4297 | D:5      | Reached skill level 5 in Fighting
  4318 | D:5      | Reached skill level 5 in Armour
  4318 | D:5      | Reached XP level 8. HP: 53/62 MP: 8/8
  4987 | D:4      | Reached skill level 7 in Staves
  5501 | D:5      | Found an ancient bone altar of Kikubaaqudgha.
  5660 | D:5      | Noticed Dowan
  5663 | D:5      | Noticed Duvessa
  5697 | D:5      | Killed Duvessa
  5698 | D:5      | Reached skill level 8 in Staves
  5849 | D:5      | Killed Dowan
  6144 | D:5      | Found a glowing silver altar of Zin.
  6205 | D:5      | Found a shimmering blue altar of Sif Muna.
  6631 | D:6      | Reached skill level 9 in Staves
  6631 | D:6      | Reached XP level 9. HP: 68/68 MP: 9/9
  6653 | D:6      | Noticed Blork the orc
  6660 | D:6      | Killed Blork the orc
  6771 | D:6      | Found a snail-covered altar of Cheibriados.
  7111 | D:6      | Reached skill level 10 in Staves
  7137 | D:6      | Found a staircase to the Ecumenical Temple.
  7162 | Temple   | Entered the Ecumenical Temple
  7207 | Temple   | Became a worshipper of Yredelemnul the Dark
  7332 | D:6      | Reached skill level 1 in Invocations
  7742 | D:7      | Noticed Maggie
  7761 | D:7      | You fall into a shaft and drop 2 floors!
  8143 | D:9      | Reached * piety under Yredelemnul
  8648 | D:9      | Found a white marble altar of Elyvilon.
  9234 | D:9      | Found a sparkling altar of Nemelex Xobeh.
  9529 | D:8      | Reached XP level 10. HP: 70/76 MP: 13/13
  9541 | D:8      | Reached skill level 1 in Shields
  9561 | D:8      | HP: 1/76 [orc priest/nerve-wracking pain (12)]
  9564 | D:8      | Killed from afar by an orc priest

Illustrated notes

Levels and vault maps discovered:
D:1:      sevenhm_arrival_forest_fort_small_5, layout_basic, kennysheep_boxes
D:2:      layout_basic
D:3:      layout_rooms, mainiacjoe_overflow_tiny_flanked, vehumet_altar_wand_db,
          dreamdust_ecumenical_altar_statues, st_stairs_13
D:4:      layout_cave_pods
D:5:      layout_loops_ring, zin_treasury, tgw_sif,
          mainiacjoe_overflow_24_doors, uniq_grinder, uniq_duvessa
D:6:      layout_gridville, slow_altar_1, minmay_temple_entry_glassed_door,
          grunt_ministairs_7, dreamdust_mushroom_princess, uniq_blork_the_orc
D:7:      layout_cave_pools, mainiacjoe_overflow_six_doors_small, serial_shops,
          nicolae_shop_behind_doors, uniq_maggie
D:8:      gammafunk_beogh_shrine, layout_basic
D:9:      layout_roguey, marbit_many_paths, mainiacjoe_overflow_catwalk,
          mrwooster_statue_mirror
Temple:   bh_familiar_temple

Skill      XL: |  1  2  3  4  5  6  7  8  9 10 |
---------------+-------------------------------+-----
Staves         | 4 5 6 9 10 | 10.4
Fighting       | 3 4 5 6 |  6.0
Armour         | 1 3 5 |  5.9
Invocations    | 4 |  4.8
Shields        | 1 |  1.4
Throwing       | |  2.0
Dodging        | |  2.6

Action                   |  1- 3 |  4- 6 |  7- 9 | 10-12 || total
-------------------------+-------+-------+-------+-------++-------
Melee: Quarterstaff      |    73 |   127 |   382 |    25 ||   607
       Punch             |       |     3 |     3 |       ||     6
Throw: Dart              |       |    12 |     4 |       ||    16
       Javelin           |       |       |     1 |       ||     1
 Abil: Shaft Self        |       |       |     2 |       ||     2
Evoke: Wand              |       |       |     3 |       ||     3
  Use: Scroll            |     1 |     5 |     5 |       ||    11
       Potion            |     1 |       |       |     1 ||     2
 Stab: Sleeping          |     1 |     1 |       |       ||     2
       Distracted        |       |       |     1 |       ||     1
Armor: Leather armour    |    21 |     9 |       |       ||    30
       Scale mail        |       |    36 |   206 |    15 ||   257
Dodge: Dodged            |    41 |   103 |   266 |    16 ||   426
Block: Buckler           |       |       |     4 |     5 ||     9
